Map: [ESL] Goldenaura

Players

MaNa - Winner!

  • Race: Protoss Protoss
  • Spawn Location: 5:00

Creator

  • Race: Protoss Protoss
  • Spawn Location: 12:00

Event: ESL SC2 Masters 2023 Winter (Finals)

VOD

Have the link to the VOD?

Description

Time

  • Played on: Dec. 15, 2023, 11:34 a.m.
  • Length: 6:13

All games in this series

Show
View Real Time Build Order
Export as new Build Order

MaNa Protoss - Winner!

Build Orders: Oracle Opening 

Get SALT Encoding   

  12  0:00  Probe  
  13  0:12  Probe  
  14  0:18  Pylon  
  14  0:24  Probe  
  15  0:35  Gateway  
  15  0:37  Probe (Chrono Boost)  
  16  0:47  Assimilator, Probe (Chrono Boost)  
  17  0:52  Probe (Chrono Boost)  
  18  1:04  Probe (Chrono Boost)  
  19  1:05  Assimilator  
  19  1:12  Gateway  
  19  1:13  Probe (Chrono Boost)  
  20  1:18  Probe  
  20  1:25  Cybernetics Core  
  21  1:30  Probe  
  22  1:36  Pylon  
  22  1:43  Probe  
  23  1:55  Probe  
  24  2:02  Warp Gate, Adept x2  
  24  2:07  Probe  
  29  2:11  Pylon  
  29  2:19  Stargate  
  29  2:24  Probe  
  30  2:31  Stalker  
  30  2:36  Probe  
  33  2:40  Stalker  
  36  2:56  Pylon  
  35  3:01  Oracle (Chrono Boost)  
  38  3:07  Gateway  
  38  3:15  Shield Battery  
  37  3:23  Zealot  
  37  3:24  Zealot  
  41  3:30  Shield Battery  
  45  3:45  Void Ray, Probe  
  46  4:06  Pylon, Probe  
  47  4:10  Robotics Facility  
  47  4:24  Adept  
  47  4:26  Adept  
  47  4:30  Void Ray  
  55  4:31  Pylon  
  55  4:45  Pylon  
  55  4:50  Adept x2  
  59  4:55  Immortal (Chrono Boost)  
  56  5:34  Void Ray  
  60  5:35  Adept  
  62  6:12  Nexus  
Show
View Real Time Build Order
Export as new Build Order

Creator Protoss 

Build Orders:  

Get SALT Encoding   

  12  0:00  Probe  
  13  0:12  Probe  
  14  0:17  Pylon  
  14  0:24  Probe (Chrono Boost)  
  15  0:36  Probe (Chrono Boost)  
  15  0:37  Gateway  
  16  0:44  Probe (Chrono Boost)  
  16  0:47  Assimilator  
  17  0:51  Probe  
  17  0:54  Assimilator  
  18  1:03  Probe (Chrono Boost)  
  19  1:07  Gateway  
  19  1:12  Probe (Chrono Boost)  
  19  1:17  Probe (Chrono Boost)  
  20  1:25  Cybernetics Core  
  21  1:29  Probe  
  22  1:36  Pylon  
  22  1:41  Probe  
  24  2:00  Adept  
  24  2:01  Adept  
  28  2:03  Robotics Facility  
  27  2:08  Warp Gate  
  27  2:09  Probe  
  27  2:15  Pylon  
  28  2:30  Sentry  
  28  2:32  Adept  
  31  2:39  Gateway  
  31  2:50  Immortal (Chrono Boost)  
  35  3:03  Pylon  
  35  3:06  Stalker x2  
  35  3:19  Immortal (Chrono Boost)  
  35  3:24  Adept  
  41  3:35  Shield Battery  
  41  3:53  Immortal (Chrono Boost)  
  45  3:57  Stalker  
  46  4:05  Pylon  
  46  4:26  Warp Prism (Chrono Boost)  
  46  4:27  Sentry  
  46  4:30  Pylon  
  50  4:37  Stalker  
  52  4:48  Stalker  
  52  4:50  Sentry  
  56  5:01  Observer  
  51  5:38  Stalker x3  
  47  6:06  Stalker x3  
Tags
 
Add a new tag
Caveats
  • Supply blocks, unpowered buildings, or Contaminate may cause inaccurate times.
  • Supply counts are checked every 10 seconds.